 Dungeon Crawl Stone Soup version 0.28-a0-1087-gf3fc490d9d (webtiles) character file.

Game seed: 3477379560731399997

1087 spaghetti the Nimble (level 8, -1/52 HPs)
             Began as an Octopode Chaos Knight on Dec 10, 2021.
             Was a Plaything of Xom.
             Slain by a shadow (26 damage)
             ... on level 6 of the Dungeon.
             The game lasted 00:11:51 (6039 turns).

spaghetti the Nimble (Octopode Chaos Knight)        Turns: 6039, Time: 00:11:53

Health: -1/52      AC:  1    Str:  9    XL:     8   Next: 30%
Magic:  7/7        EV: 17    Int: 14    God:    Xom [*.....]
Gold:   306        SH:  4    Dex: 12    Spells: 2/7 levels left

rFire   + . .      SeeInvis .   a - +0 spear (chaos) {polearm}
rCold   . . .      Faith    +   (no shield)
rNeg    . . .      Spirit   .   (helmet restricted)
rPois   .          Reflect  .   c - amulet of faith {!P}
rElec   .          Harm     .   (no ring)
rCorr   .          Rampage  .   (no ring)
Will    .....                   (no ring)
Stlth   ++........              (no ring)
HPRegen 0.17/turn               (no ring)
MPRegen 0.10/turn               (no ring)
                                (no ring)
                                (no ring)

@: no status effects
A: almost no armour, amphibious, 8 rings, camouflage 1, gelatinous body 1,
(nimble swimmer 1), tentacles, beak, large bone plates 1, dopey 1, fire
resistance 1, low mp 1, mutation resistance 1, weak 1, subdued magic 1
a: Renounce Religion


You were on level 6 of the Dungeon.
You worshipped Xom.
You were a special plaything of Xom.
You visited 1 branch of the dungeon, and saw 6 of its levels.
You also visited: Sewer.

You collected 306 gold pieces.


Innate Abilities, Weirdness & Mutations

You cannot wear most types of armour.
You are amphibious.
You can wear up to eight rings at the same time.
Your skin changes colour to match your surroundings (Stealth+).
Your rubbery body absorbs attacks. (AC +1, EV +1)
((You are camouflaged near water. (Stealth+)))
You have tentacles for arms and can constrict up to eight enemies at once.
You have a beak for a mouth.
You are partially covered in large bone plates. (SH +4)
You are dopey. (Int -2)
Your flesh is heat resistant. (rF+)
Your magical capacity is low. (-10% MP)
You are somewhat resistant to further mutation.
You are weak. (Str -2)
Your spells are a little easier to cast, but a little less powerful.


   Skills:
 - Level 3.0 Fighting
 - Level 3.0 Polearms
 + Level 9.8 Dodging


You had 2 spell levels left.
You knew the following spells:

 Your Spells              Type           Power      Damage    Failure   Level
a - Call Imp              Summ           0%         N/A       36%         2
b - Stone Arrow           Conj/Erth      0%         3d7       61%         3

Your spell library contained the following spells:

 Spells                   Type           Power      Damage    Failure   Level
 Magic Dart               Conj           0%         1d3       24%         1
 Sandblast                Erth           0%         2d4       24%         1
 Passwall                 Tmut/Erth      0%         N/A       36%         2
 Mephitic Cloud           Conj/Pois/Air  0%         N/A       61%         3

Inventory:

Hand Weapons
 a - a +0 spear of chaos (weapon) {polearm}
 e - a +0 whip of holy wrath {mace}
   (You took it off a kobold on level 1 of the Dungeon)
Missiles
 b - 66 stones {throwing}
 i - 6 poisoned darts (quivered) {throwing}
 j - 3 boomerangs {throwing}
 o - 22 arrows
Magical Staves
 m - a staff of air {!astaff}
   (Xom gifted it to you in a sewer)
Jewellery
 c - an amulet of faith (around mantle) {!P}
   (You found it on level 2 of the Dungeon)
Wands
 w - a wand of mindburst (8)
   (Xom gifted it to you in a sewer)
 z - a wand of acid (6)
   (You found it on level 5 of the Dungeon)
Scrolls
 d - a scroll of summoning {unknown}
 f - a scroll of enchant armour {unknown}
 h - a scroll of fog {unknown}
 k - a scroll of immolation {unknown}
 l - a scroll of enchant weapon {unknown}
 p - a scroll of fear {unknown}
 q - a scroll of acquirement {unknown}
 s - 4 scrolls of identify {unknown}
 v - a scroll of magic mapping {unknown}
 x - 2 scrolls of teleportation {unknown}
 y - 2 scrolls of vulnerability {unknown}
Potions
 g - 4 potions of curing {@q1}
 n - a potion of lignification {unknown}
 r - 2 potions of magic

Dungeon Overview and Level Annotations

Branches:
Dungeon (6/15)             Temple (0/1) D:4           Sewer (visited)

Altars:
Ashenzari
Dithmenos
Qazlal
Ru
Uskayaw
Zin

Annotations:
D:5 1 exclusion
D:6 Eustachio

#.#.# #.# #######.#.# #.# #.
#....##.#.########.####
#..######.5..##.#.............#
..........55..O5>########.##.#
.. ####....##5#.# #.##.# #.
#....##.#.########.##.#
#.######@####.#..........##.#
#...........#@#############.#
##..###.....#........ #.# #...#
#.............. #.# #...#
##.#..#........ #.# #...#
#.#..#........ #.## #...##
#.#..########. ..#... #....#
#.#... #.#### ####....## .# ##
#. #.# .........# .# #..#.#


You could see an ogre, a white imp (summoned) and a shadow imp (summoned).


Message History

a +0 short sword {short}; a +0 plate armour; an orc corpse You now have 294 gold pieces (gained 7).
You now have 306 gold pieces (gained 12).
Things that are here:
a +0 short sword {short}; a +0 plate armour; an orc corpse
Things that are here:
a +0 hand axe {axe}; a +0 ring mail
Things that are here:
a +0 falchion {long}; an orc corpse An ogre comes into view.
It is wielding a +0 giant club.
A shadow comes into view.
You reach to attack!
You hit the shadow but do no damage.
You are now a plaything of Xom.
You hit the shadow but do no damage.
The shadow slips into darkness.
The shadow flickers and vanishes!
Deactivating autopickup; reactivate with Ctrl-A.
No target in view!
No target in view!
No target in view!
No target in view!
No target in view!
No target in view!
No target in view!
No target in view!
No target in view!
No target in view!
No target in view!
No target in view!
No target in view!
No target in view!
No target in view!
You miss something. You peck something.
The shadow strikes at you from the darkness!
Reactivating autopickup. 😮 HP[-16]
You take 16 damage, and now have 30/46 hp.
MASSIVE DAMAGE!! (PAUSE)
Aiming: Mindburst
Press: ? - help, Shift-Dir - straight line, f/p - shadow
Aim: a shadow (lightly damaged, chance to affect: 48%)
The shadow resists with some effort.
You hear a shout!
The shadow closely misses you.
Aiming: Mindburst
Press: ? - help, Shift-Dir - straight line, f/p - shadow
Aim: a shadow (lightly damaged, chance to affect: 48%)
The shadow resists with some effort.
Xom's power brushes against you for a moment.
Your body is suffused with distortional energy.
You feel less energetic.
You feel robust.
Large bone plates grow over parts of your tentacles.
Your connection to magic feels subdued.
You hear a shout!
The shadow misses you. 😮 MP[-1]
You now have 52 max hp (+6).
Aiming: Mindburst
Press: ? - help, Shift-Dir - straight line, f/p - shadow
Aim: a shadow (lightly damaged, chance to affect: 48%)
The shadow resists with some effort.
You block the shadow's attack. 😮 HP[+1]
Aiming: Mindburst
Press: ? - help, Shift-Dir - straight line, f/p - shadow
Aim: a shadow (lightly damaged, chance to affect: 48%)
The shadow's mind is blasted!
You are now a special plaything of Xom.
Xom's power touches on a nearby weapon.
The ogre's +0 giant club erupts in a glittering mayhem of colour.
The shadow closely misses you.
Aiming: Mindburst
Press: ? - help, Shift-Dir - straight line, f/p - shadow
Aim: a shadow (moderately damaged, chance to affect: 48%)
The shadow resists with some effort.
The shadow misses you.
Aiming: Corrosive Bolt
Press: ? - help, Shift-Dir - straight line, f - ogre, p - shadow
Aim: an ogre, wielding a +2 giant club of chaos (86% to hit)
The bolt of acid hits the shadow!
The acid corrodes the shadow!
The bolt of acid hits the ogre!
The acid corrodes the ogre! "Time to have some fun!"
Eustachio the Magnificent comes into view.
He is wielding a +0 rapier.
The shadow closely misses you. The white imp completely misses you.
You block the shadow imp's attack. The white imp misses you.
The crimson imp blinks!
You closely miss the shadow imp. Your grab misses the shadow imp.
You squeeze the shadow imp!
The shadow slips into darkness.
The shadow flickers and vanishes!
Deactivating autopickup; reactivate with Ctrl-A.
The shadow imp barely misses you. The white imp gestures at you.
The puff of frost hits you!
* * * LOW HITPOINT WARNING * * *
😨 HP[-6]
You take 6 damage, and now have 25/52 hp.
The ogre is no longer covered in acid.
The shadow strikes at you from the darkness!
Ouch! That really hurt!
You die...
Xom chuckles heartily!

Skill      XL: |  1  2  3  4  5  6  7 |
---------------+----------------------+-----
Dodging        | 3 4 6 7 9 |  9.8
Fighting       | |  3.0
Polearms       | |  3.0

Action                   |  1- 3 |  4- 6 |  7- 9 || total
-------------------------+-------+-------+-------++-------
Melee: Spear             |    94 |    97 |    80 ||   271
       Constrict         |    22 |    15 |    11 ||    48
       Tentacles         |    12 |    19 |    15 ||    46
       Peck              |       |       |     2 ||     2
Throw: Stone             |     2 |     2 |       ||     4
       Dart              |       |     5 |       ||     5
Evoke: Wand              |       |     1 |    12 ||    13
  Use: Potion            |     1 |     6 |     5 ||    12
 Stab: Sleeping          |     8 |     7 |     1 ||    16
       Distracted        |       |     1 |       ||     1
       Paralysed         |       |     6 |       ||     6
Armor: Skin              |     9 |     2 |     2 ||    13
Dodge: Dodged            |    41 |    43 |    52 ||   136
Block: Other             |       |       |     2 ||     2

Levels and vault maps discovered:
D:1:      minmay_arrival_shoal_huts, layout_loops_ring
D:2:      layout_rooms, grunt_ministairs_2
D:3:      layout_rooms, nicolae_ru_sacrificial_ziggurat,
          ebering_ecumenical_altar_box, grunt_decor_junction, chequers_avenue
D:4:      layout_layer_cave, minmay_temple_entry_gardened_gates
D:5:      layout_gridville, minmay_overflow_temple_star_hex,
          gup_sewer_entry_pipe
D:6:      layout_basic, grunt_decor_arrowhead, uniq_eustachio

Notes
Turn   | Place    | Note
-------+----------+-------------------------------------------
     0 | D:1      | spaghetti the Octopode Chaos Knight began the quest for the
                  | Orb.
     0 | D:1      | Reached XP level 1. HP: 16/16 MP: 1/1
     0 | D:1      | magus.rc [v1.9.6]
   208 | D:1      | Reached skill level 3 in Dodging
   208 | D:1      | Reached XP level 2. HP: 17/21 MP: 2/2
   265 | D:1      | XOM: silly message
   652 | D:1      | XOM: potion effect (brilliance)
   783 | D:1      | XOM: silly message
   885 | D:1      | XOM: silly message
   953 | D:2      | XOM: divination: detect creatures
   960 | D:1      | XOM: potion effect (haste)
  1056 | D:2      | XOM: 6-stop teleportation journey
  1076 | D:2      | Reached XP level 3. HP: 14/26 MP: 3/3
  1467 | D:2      | Reached skill level 4 in Dodging
  1795 | D:2      | Reached XP level 4. HP: 31/31 MP: 4/4
  1868 | D:3      | Found a faded altar of an unknown god.
  1869 | D:3      | XOM: 3-stop teleportation journey
  2087 | D:3      | XOM: 4-stop teleportation journey
  2150 | D:3      | Found a sacrificial altar of Ru.
  2297 | D:3      | XOM: summons 1 hostile shadow creature
  2444 | D:3      | XOM: stat loss: -1 Dex (10/11)
  2465 | D:4      | Found a staircase to the Ecumenical Temple.
  2468 | D:4      | XOM: silly message
  2537 | D:4      | Reached skill level 5 in Dodging
  2591 | D:4      | XOM: smoke on damage
  2608 | D:4      | XOM: torment (16/31 hp)
  2635 | D:4      | Noticed a scorpion
  2802 | D:4      | Noticed an ogre
  2806 | D:4      | XOM: potion effect (curing)
  2820 | D:4      | Killed an ogre
  2821 | D:4      | Reached skill level 6 in Dodging
  2821 | D:4      | Reached XP level 5. HP: 15/36 MP: 5/5
  2826 | D:5      | Entered Level 5 of the Dungeon
  2874 | D:5      | XOM: 2-stop teleportation journey
  2885 | D:5      | Noticed an ogre
  2904 | D:5      | Noticed a water moccasin
  2906 | D:5      | XOM: divination: magic mapping
  2911 | D:5      | Reached XP level 6. HP: 31/42 MP: 6/6
  2912 | D:5      | XOM: potion effect (curing)
  2914 | D:5      | XOM: blink monster(s)
  2915 | D:5      | XOM: god gift: 56 gold pieces
  2918 | D:5      | Killed a water moccasin
  2919 | D:5      | Reached skill level 7 in Dodging
  2968 | D:5      | XOM: 1-stop teleportation journey
  2973 | D:5      | XOM: summons 6 friendly demons
  3030 | D:5      | XOM: silly message
  3227 | D:5      | You pick up a book of Minor Magic and begin reading...
  3227 | D:5      | You add the spells Magic Dart, Call Imp and Mephitic Cloud
                  | to your library.
  3252 | D:5      | Found a glowing drain.
  3267 | Sewer    | Entered a sewer
  3327 | Sewer    | Noticed Pargi
  3355 | Sewer    | HP: 9/42 [Pargi (12)]
  3368 | Sewer    | Killed Pargi
  3369 | Sewer    | Reached XP level 7. HP: 18/46 MP: 7/7
  3518 | Sewer    | XOM: god gift: staff of air
  3600 | Sewer    | XOM: 1-stop teleportation journey
  3612 | Sewer    | XOM: god gift: glowing iron wand {god gift}
  3699 | D:5      | You pick up a book of Geomancy and begin reading...
  3699 | D:5      | You add the spells Sandblast, Passwall and Stone Arrow to
                  | your library.
  3764 | D:5      | XOM: scenery: 1 doors open, 1 doors close
  3807 | D:5      | HP: 9/46 [orc (4)]
  3808 | D:5      | Reached skill level 8 in Dodging
  3936 | D:5      | XOM: 2-stop teleportation journey
  3992 | D:5      | XOM: 1-stop teleportation journey
  4118 | D:5      | Noticed a two-headed ogre
  4144 | D:5      | XOM: summons 1 hostile demon
  4726 | D:5      | XOM: give mutation
  4726 | D:5      | Gained mutation: You occasionally shout uncontrollably at
                  | your foes. [Xom's mischief]
  4743 | D:5      | XOM: stat loss: -1 Dex (11/12)
  4969 | D:5      | Found a hide-covered altar of Uskayaw.
  4969 | D:5      | Found a shadowy altar of Dithmenos.
  4969 | D:5      | Found a glowing silver altar of Zin.
  4979 | D:5      | Found a stormy altar of Qazlal.
  4982 | D:5      | Found a broken altar of Ashenzari.
  5247 | D:5      | HP: 6/46 [something (6)]
  5252 | D:5      | Lost mutation: You occasionally shout uncontrollably at
                  | your foes. [potion of mutation]
  5252 | D:5      | Gained mutation: You are somewhat resistant to further
                  | mutation. [potion of mutation]
  5252 | D:5      | Gained mutation: You have a beak for a mouth. [potion of
                  | mutation]
  5259 | D:5      | Reached skill level 9 in Dodging
  5259 | D:5      | Reached XP level 8. HP: 18/52 MP: 8/8
  5456 | D:5      | XOM: silly message
  5464 | D:6      | Learned a level 2 spell: Call Imp
  5468 | D:6      | Learned a level 3 spell: Stone Arrow
  5478 | D:6      | XOM: give mutations
  5478 | D:6      | Gained mutation: You are dopey. (Int -2) [Xom's mischief]
  5478 | D:6      | Lost mutation: You are dopey. (Int -2) [Xom's mischief]
  5478 | D:6      | Gained mutation: You are dopey. (Int -2) [Xom's mischief]
  5478 | D:6      | Gained mutation: You are weak. (Str -2) [Xom's mischief]
  5715 | D:6      | XOM: give mutations
  5715 | D:6      | Gained mutation: Your flesh is heat resistant. (rF+) [Xom's
                  | mischief]
  5715 | D:6      | Gained mutation: You are frail. (-10% HP) [Xom's mischief]
  5807 | D:6      | XOM: noise
  6023 | D:6      | Noticed a shadow
  6029 | D:6      | XOM: give mutations
  6029 | D:6      | Gained mutation: Your magical capacity is low. (-10% MP)
                  | [Xom's mischief]
  6029 | D:6      | Lost mutation: You are frail. (-10% HP) [Xom's mischief]
  6029 | D:6      | Gained mutation: You are partially covered in large bone
                  | plates. (SH +4) [Xom's mischief]
  6029 | D:6      | Gained mutation: Your spells are a little easier to cast,
                  | but a little less powerful. [Xom's mischief]
  6031 | D:6      | XOM: chaos upgrade
  6033 | D:6      | XOM: summons 5 hostile demons
  6033 | D:6      | Noticed Eustachio
  6039 | D:6      | Slain by a shadow

Vanquished Creatures
  A water moccasin (D:5)
  Pargi (Sewer)
  A sky beast (D:5)
  An orc warrior (D:6)
  A necrophage (D:6)
  2 ogres
  A scorpion (D:5)
  2 orc priests
  A bullfrog skeleton (D:5)
  An iguana (D:4)
  A scorpion zombie (D:5)
  An orc wizard (D:5)
  4 gnolls (D:5)
  6 adders
  A white imp (D:6)
  An ufetubus (D:5)
  2 worms (D:2)
  A dart slug (D:2)
  5 orcs
  5 ball pythons
  3 endoplasms
  4 giant cockroaches
  6 hobgoblins
  5 jackals (D:1)
  5 quokkas
  6 bats
  9 frilled lizards
  5 goblins
  5 kobolds
  8 rats
95 creatures vanquished.

Vanquished Creatures (collateral kills)
  An iguana (D:5)
1 creature vanquished.

Grand Total: 96 creatures vanquished

Table legend:
 A = Non-vault XP
 B = Vault XP
 C = Vault XP percentage of total XP
 D = Non-vault monster count
 E = Vault monster count
 F = Vault count percentage of total count
                 A         B        C        D         E       F
            +---------+---------+-------+---------+---------+-------
      Total |    1390 |     164 |  10.6 |      82 |      14 |  14.6
            +---------+---------+-------+---------+---------+-------
        D:1 |      33 |       0 |   0.0 |      20 |       0 |   0.0
        D:2 |      49 |       3 |   5.8 |      19 |       2 |   9.5
        D:3 |      30 |       0 |   0.0 |      11 |       0 |   0.0
        D:4 |     167 |       0 |   0.0 |       6 |       0 |   0.0
        D:5 |     797 |      12 |   1.5 |      21 |       6 |  22.2
        D:6 |     314 |       0 |   0.0 |       5 |       0 |   0.0
      Sewer |       0 |     149 | 100.0 |       0 |       6 | 100.0
            +---------+---------+-------+---------+---------+-------

Illustrated notes

Table legend:
 A = Kills in this place as a percentage of kills in entire the game.
 B = Kills by you in this place as a percentage of kills by you in the entire game.
 C = Kills by friends in this place as a percentage of kills by friends in the entire game.
 D = Other kills in this place as a percentage of other kills in the entire game.
 E = Experience gained in this place as a percentage of experience gained in the entire game.
 F = Experience gained in this place divided by the number of levels of this place that you have seen.
                   A       B       C       D       E      F
               +-------+-------+-------+-------+-------+----------------------
         Total | 100.0 | 100.0 | 100.0 |   N/A | 100.0 | 222.0
       Dungeon |  93.8 |  93.7 | 100.0 |   N/A |  90.4 | 234.2
         Sewer |   6.2 |   6.3 |   0.0 |   N/A |   9.6 | 149.0
               +-------+-------+-------+-------+-------+----------------------

Table legend: (Time is in decaauts)
 A = Elapsed time spent in this place.
 B = Non-inter-level travel time spent in this place.
 C = Inter-level travel time spent in this place.
 D = Time resting spent in this place.
 E = Time spent auto-exploring this place.
 F = Levels seen in this place.
 G = Mean time per level.
                   A        B        C        D        E       F      G
               +--------+--------+--------+--------+--------+-----+--------+
         Total |   6000 |   5864 |    136 |   2294 |   2657 |   7 |  857.1 |
       Dungeon |   5599 |   5463 |    136 |   2113 |   2528 |   6 |  933.2 |
         Sewer |    401 |    401 |      0 |    181 |    129 |   1 |  401.0 |
               +--------+--------+--------+--------+--------+-----+--------+

Top non-repeatable levels by time:
     D:5: 2101 daAuts
     D:1: 991 daAuts
     D:2: 843 daAuts
     D:6: 696 daAuts
     D:3: 594 daAuts
   Sewer: 401 daAuts
     D:4: 372 daAuts
